 Dungeon Crawl Stone Soup version 0.31-a0-1603-gbec6b6ccbf (webtiles) character file.

Game seed: 10686902226933171606

125944 croobank the Lord of Darkness (level 16, -6/85 HPs)
             Began as a Felid Summoner on Jan 7, 2024.
             Was the Champion of Kikubaaqudgha.
             Mangled by a demonic crawler (9 damage)
             ... on level 1 of the Spider Nest.
             The game lasted 03:17:17 (38889 turns).

croobank the Lord of Darkness (Felid Summoner)     Turns: 38889, Time: 03:17:17

Health: -6/85      AC:  3    Str:  4    XL:     16   Next: 42%
Magic:  19/31      EV: 29    Int: 26    God:    Kikubaaqudgha [******]
Gold:   804        SH:  0    Dex: 18    Spells: 1/35 levels left
                                        Lives:  0   Deaths: 6

rFire   . . .        (weapon unavailable)
rCold   + . .        (shield unavailable)
rNeg    . . .        (body armour unavailable)
rPois   +            (helmet unavailable)
rElec   .            (cloak unavailable)
rCorr   .            (gloves unavailable)
SInv    +            (boots unavailable)
Will    +....        g - amulet of magic regeneration
Stlth   ++++         A - +5 ring of evasion
HPRegen 0.34/turn    m - ring of poison resistance
MPRegen 0.62/turn

%: no passive effects
@: death channelling, weak-willed, animating dead, invisible
A: very small, claws 1, fangs 3, see invisible, shaggy fur 3, stealthy paws, no
weapons or thrown items, no armour, multi-lived
a: Renounce Religion, Unearth Wretches, Torment


You were on level 1 of the Spider Nest.
You worshipped Kikubaaqudgha.
Kikubaaqudgha was exalted by your worship.
You visited 5 branches of the dungeon, and saw 24 of its levels.
You also visited: Sewer.

You collected 2814 gold pieces.
You spent 2010 gold pieces at shops.

Inventory:

Jewellery
 d - a +5 ring of evasion
 f - a ring of ice
 g - an amulet of magic regeneration (around neck)
 m - a ring of poison resistance (right paw)
 p - the ring "Rurch" {Fly rElec}
   (You acquired it on level 4 of the Dungeon)

   [ring of flight]

   rElec:     It insulates you from electricity.
   Fly:       It grants you flight.
 r - a +6 ring of dexterity
 u - a +4 ring of protection
 x - a +5 ring of evasion
 A - a +5 ring of evasion (left paw)
 B - a ring of wizardry
 E - a ring of willpower
 F - an amulet of the acrobat
 G - a ring of resist corrosion
 K - the ring of Satisfaction {rN+ rCorr Dex+6}
   (You bought it in a shop on level 2 of the Orcish Mines)

   [ring of dexterity]

   Dex+6:     It affects your dexterity (+6).
   rN+:       It protects you from negative energy.
   rCorr:     It protects you from acid and corrosion.
Wands
 q - a wand of polymorph (4)
 t - a wand of flame (29)
 H - a wand of charming (1)
Scrolls
 b - 2 scrolls of amnesia
 h - 4 scrolls of teleportation
 y - 4 scrolls of revelation
 z - 6 scrolls of immolation
 D - 4 scrolls of identify
 I - a scroll of fear
 J - a scroll of fog
Potions
 a - 2 potions of magic
 c - 3 potions of brilliance
 e - 3 potions of attraction
 i - 5 potions of cancellation
 j - 4 potions of enlightenment
 k - 2 potions of lignification
 l - 3 potions of mutation
 n - 9 potions of curing
 o - 2 potions of might
 s - 3 potions of ambrosia
 w - 2 potions of haste


   Skills:
 - Level 10.0 Fighting
 - Level 10.0 Dodging
 - Level 8.0 Stealth
 - Level 10.0 Spellcasting
 - Level 14.1 Summonings
 + Level 18.1 Necromancy
 - Level 5.0 Translocations
 - Level 5.0 Fire Magic
 - Level 4.5 Ice Magic
 - Level 7.0 Air Magic


You had one spell level left.
You knew the following spells:

 Your Spells              Type           Power      Damage    Failure   Level
c - Call Canine Familiar  Summ           72%        N/A       1%          3
d - Summon Blazeheart Go  Fire/Summ      58%        N/A       1%          4
e - Summon Lightning Spi  Summ/Air       61%        N/A       1%          4
g - Summon Forest         Summ/Tloc      29%        N/A       2%          5
A - Animate Dead          Necr           82%        N/A       1%          4
D - Death Channel         Necr           41%        N/A       1%          6
M - Martyr's Knell        Necr/Summ      77%        N/A       1%          4
N - Anguish               Hex/Necr       28%        N/A       1%          4

Your spell library contained the following spells:

 Spells                   Type           Power      Damage    Failure   Level
 Necrotise                Necr           100%       1d9       0%          1
 Summon Small Mammal      Summ           100%       N/A       0%          1
 Freeze                   Ice            100%       1d10      1%          1
 Kiss of Death            Conj/Necr      100%       2d13      1%          1
 Fugue of the Fallen      Necr           82%        N/A       0%          3
 Vampiric Draining        Necr           82%        2d11      0%          3
 Call Imp                 Summ           100%       N/A       1%          2
 Cigotuvi's Dreadful Rot  Necr/Alch/Air  100%       N/A       1%          2
 Gell's Gravitas          Tloc           39%        N/A       1%          3
 Summon Ice Beast         Ice/Summ       58%        N/A       1%          3
 Teleport Other           Tloc           39%        N/A       1%          3
 Curse of Agony           Necr           82%        N/A       1%          5
 Summon Cactus Giant      Summ           36%        N/A       1%          6
 Ensorcelled Hibernation  Hex/Ice        48%        N/A       2%          2
 Frozen Ramparts          Ice            72%        1d11      2%          3
 Borgnjor's Vile Clutch   Necr/Erth      28%        N/A       3%          5
 Inner Flame              Hex/Fire       26%        N/A       4%          3
 Hailstorm                Conj/Ice       24%        3d7       5%          3
 Haunt                    Necr/Summ      38%        N/A       5%          7
 Passage of Golubria      Tloc           39%        N/A       6%          4
 Summon Mana Viper        Hex/Summ       49%        N/A       7%          5
 Monstrous Menagerie      Summ           36%        N/A       12%         7
 Sigil of Binding         Hex            13%        N/A       14%         3
 Stone Arrow              Conj/Erth      26%        3d8       14%         3
 Tukima's Dance           Hex            13%        N/A       14%         3
 Flame Wave               Conj/Fire      26%        2d8       16%         4
 Ignite Poison            Fire/Alch      26%        N/A       16%         4
 Iskenderun's Mystic Bla  Conj/Tloc      26%        2d7       16%         4
 Sticky Flame             Fire/Alch      26%        2d6       16%         4
 Borgnjor's Revivificati  Necr           41%        N/A       19%         8
 Infestation              Necr           41%        N/A       19%         8
 Freezing Cloud           Conj/Ice/Air   16%        6-21      26%         5
 Dispersal                Tloc           19%        N/A       65%         6
 Yara's Violent Unravell  Hex/Alch       6%         3d5       77%         5
 Death's Door             Necr           41%        N/A       95%         9
 Ignition                 Fire           19%        3d7       100%        8
 Lehudib's Crystal Spear  Conj/Erth      6%         10d3      100%        8
 Animate Armour           Summ/Erth      Unusable   N/A       N/A         4
 Dimensional Bullseye     Hex/Tloc       Unusable   N/A       N/A         4

Dungeon Overview and Level Annotations

Branches:
Dungeon (14/15)            Temple (1/1) D:6            Lair (5/5) D:8
  Swamp (0/4) Lair:2       Spider (2/4) Lair:3        Slime (0/5) Lair:4
    Orc (2/2) D:10            Elf (0/3) Orc:2        Vaults (0/5) D:13
  Sewer (visited)

Altars:
Ashenzari
Cheibriados
Dithmenos
Elyvilon
Fedhas
Gozag
Hepliaklqana
Kikubaaqudgha
Makhleb
Nemelex Xobeh
Okawaru
Qazlal
Ru
Sif Muna
Trog
Uskayaw
Vehumet
Wu Jian
Xom
Yredelemnul
Zin
The Shining One

Shops:
D:4 :   D:10 ?   D:11 [   Orc:2 ==?

Portals:
Hell: Lair:5

Annotations:
D:14 Roxanne


Innate Abilities, Weirdness & Mutations

You have sharp claws.
You have razor-sharp teeth.
You have supernaturally acute eyesight. (SInv)
Your thick and shaggy fur keeps you warm. (AC +3, rC+)
Your paws help you pounce on unaware monsters.
You are incapable of wielding weapons or throwing items.
You cannot wear armour.
You gain extra lives every three experience levels.


Message History

The +2 spectral demon trident hits your jumping spider zombie from afar!!
Asterion is wracked by anguish!!
Asterion gores your jumping spider zombie!
Asterion is wracked by anguish!
Asterion blocks your jumping spider zombie's attack.
Your jumping spider zombie bites Asterion but does no damage.
A +2 spectral demon trident comes into view.
Casting: Anguish (mildly dangerous; 1% risk of failure)
Confirm with . or Enter, or press ? or * to list all spells.
A fiery spirit appears, bound in slag iron.
Your blazeheart golem disappears in a puff of smoke!
The demonic crawler misses you.
The demonic crawler hits you but does no damage.
The demonic crawler hits you.
* * * LOW HITPOINT WARNING * * *
The demonic crawler is wracked by anguish.
Your spectral jumping spider pounces on the demonic crawler but does no damage.
Your spectral jumping spider bites the demonic crawler.
Asterion hits your jumping spider zombie with a +2 spectral demon trident!!
Your jumping spider zombie is destroyed!
Asterion is wracked by anguish!
Asterion dies!
Kikubaaqudgha accepts your kill.
The +2 spectral demon trident disappears.
The green death disappears in a puff of smoke!
The dead are walking!
A glowing mist starts to gather...
The demonic crawler completely misses you.
The demonic crawler hits you!
* * * LOW HITPOINT WARNING * * *
The demonic crawler is wracked by anguish!
The demonic crawler completely misses you.
Your spectral jumping spider pounces on the demonic crawler but does no damage.
Your spectral jumping spider barely misses the demonic crawler.
Your spectral jumping spider barely misses the demonic crawler.
Your spectral jumping spider bites the demonic crawler.
The demonic crawler attacks as it pursues you!
The demonic crawler completely misses you. x2
The demonic crawler hits you!
You die...
Kikubaaqudgha rasps: "You have failed me!
Welcome... death!"

## ...#. #.## ...^#
###..# #.... #####
#.#..### .... . #.#.#
#....#.## ..###.# ##.##
#...##.##.....## ..##
#####ยง9@s..Z.)....#
..#####
##.#.......ZZZ####.
...#..###.##..#######...#
.....#.##.#^...# #.##
.#...####..##### .#
.....#......# #
...#.#....#####
.|.###...##Z.^#
...#...###ZZZZ#


You could see a demonic crawler (weak-willed, ally target, anguished), a
friendly spectral jumping spider, the friendly Asterion the spectral minotaur, a
friendly spectral torpor snail, a friendly blazeheart golem (summoned) and the
friendly Asterion the minotaur zombie.

Vanquished Creatures
  Snorg (D:10)
  Erolcha (D:13)
  3 hydras
  2 boulder beetles (D:14)
  2 two-headed ogres
  2 death yaks
  Urug (Lair:2)
  A skyshark (Lair:4)
  A skeletal warrior (D:12)
  A lindwurm (Lair:3)
  A wolf spider zombie (Spider:1)
  An orc knight (D:13)
  4 ugly things
  An orc sorcerer (Orc:2)
  Maurice (Orc:2)
  A manticore (D:11)
  A black mamba (Lair:1)
  A gargoyle (D:11)
  2 elephants (Lair:3)
  A cane toad (Lair:3)
  5 komodo dragons
  2 tarantellas (Spider:1)
  A troll (Orc:1)
  A tyrant leech (Lair:2)
  A culicivora zombie (Spider:1)
  3 blink frogs (Lair:2)
  A jumping spider (Spider:1)
  6 slime creatures
  A wraith (D:13)
  30 yaks
  A nameless horror (D:10)
  2 wyverns
  A dire elephant simulacrum (Lair:3)
  A human (D:13)
  4 redbacks (Lair:3)
  5 vampire mosquitoes
  2 wargs (D:10)
  Menkaure (D:7)
  A death yak simulacrum (Lair:3)
  A swamp worm (Lair:2)
  An acid dragon (D:10)
  2 water moccasins
  2 orc warriors
  An ice beast (D:6)
  A laughing skull (D:14)
  A blink frog zombie (Lair:3)
  2 ogres (Orc:2)
  5 centaurs
  2 wolves (Lair:1)
  A kobold brigand (D:8)
  2 komodo dragon zombies
  2 bullfrogs
  A cyclops zombie (D:12)
  3 wights
  9 killer bees
  A yak zombie (Lair:2)
  6 electric eels
  A howler monkey (D:9)
  A wolf zombie (Lair:1)
  A bullfrog zombie (Lair:3)
  2 jellies (Lair:4)
  A human zombie (D:13)
  6 orc wizards
  2 troll simulacra (Lair:3)
  An adder (D:5)
  A jelly zombie (Lair:4)
  A dart slug (D:5)
  3 orcs (D:9)
  A ball python (Sewer)
  2 bats
  2 endoplasms
  2 hobgoblins (D:4)
  3 kobolds
  A frilled lizard (D:3)
  A goblin (D:2)
  3 rats
176 creatures vanquished.

Vanquished Creatures (collateral kills)
  Rupert (Spider:1)
  Donald (Spider:1)
  An emperor scorpion (Spider:2)
  A ghost moth (Spider:2)
  A dire elephant (Lair:5)
  A spark wasp (Spider:2)
  The ghost of Livid the Martial Artist, a journeyman TeSh of Qazlal (Lair:2)
  An entropy weaver (Spider:2)
  An entropy weaver (shapeshifter) (D:13)
  3 hydras
  An ogre mage (Orc:2)
  2 catoblepae
  2 centaur warriors
  A jorogumo (Spider:2)
  2 radroaches (Spider:2)
  5 boulder beetles
  A two-headed ogre (D:13)
  5 death yaks (Lair:5)
  A tengu warrior (D:12)
  2 demonic crawlers (Spider:2)
  Sonja (D:12)
  A sun demon (Lair:5)
  Nergalle (D:10)
  3 skeletal warriors (D:12)
  Amaemon (Lair:2)
  5 pharaoh ants
  A skyshark (Lair:5)
  A lindwurm (Lair:3)
  An arcanist (Lair:5)
  2 orb spiders (Spider:1)
  2 steelbarb worms
  10 orc sorcerers (Orc:2)
  3 deep elf pyromancers
  6 ugly things
  3 cyclopes
  2 oklob plants
  8 wolf spiders
  2 manticores (D:14)
  A moth of wrath (Spider:2)
  4 black mambas
  4 kobold blastminers
  An elephant (Lair:3)
  3 orange demons
  8 cane toads
  A smoke demon (Lair:5)
  An unseen horror (D:12)
  2 torpor snails (Spider:2)
  7 rime drakes
  4 komodo dragons
  A freezing wraith (Lair:3)
  A redback zombie (Spider:2)
  2 ice devils (Lair:5)
  2 red devils (Lair:5)
  2 trolls
  A wolf spider simulacrum (D:14)
  13 tarantellas
  7 blink frogs (Lair:3)
  7 dream sheep
  13 jumping spiders
  14 culicivoras
  8 slime creatures
  A shadow (D:12)
  A vampire (D:13)
  39 yaks
  5 basilisks
  16 humans
  34 redbacks
  2 vampire mosquitoes
  A steam dragon (D:7)
  3 acid dragons
  A swamp worm (Lair:2)
  17 water moccasins
  3 hell hounds (Lair:5)
  A black bear (Lair:2)
  2 ice beasts (D:7)
  A sky beast (D:6)
  8 orc warriors
  9 ogres
  5 laughing skulls
  A phantom (D:7)
  7 centaurs
  5 wolves
  3 kobold brigands (D:10)
  8 bullfrogs
  A gnoll sergeant (D:11)
  2 scorpions
  A cane toad simulacrum (Lair:3)
  5 wights
  2 elephant simulacra (Lair:3)
  7 killer bees
  7 howler monkeys
  2 hounds
  3 jellies
  Crazy Yiuf (D:3)
  11 orc priests
  A sleepcap (D:6)
  Ijyb (D:4)
  6 iguanas
  30 orc wizards
  2 spriggan simulacra (Lair:3)
  Robin (D:2)
  9 gnolls
  A naga simulacrum (Lair:3)
  16 adders
  8 river rats (Sewer)
  2 shadow imps
  2 white imps
  2 ufetubi (D:6)
  2 ribbon worms
  2 dart slugs
  53 orcs
  11 ball pythons
  7 bats
  4 endoplasms
  4 giant cockroaches
  12 goblins
  7 hobgoblins
  6 kobolds
  5 quokkas
  4 frilled lizards
  An orc zombie (Orc:1)
  21 rats
  A snaplasher vine (D:13)
630 creatures vanquished.

Vanquished Creatures (others)
  Asterion (Spider:1)
  A spark wasp (Spider:2)
  A radroach (Lair:3)
  A boulder beetle (Spider:2)
  A centaur warrior (D:13)
  2 jorogumos (Spider:2)
  2 demonic crawlers (Spider:1)
  A spark wasp zombie (Spider:2)
  An orb spider (Spider:1)
  2 wolf spider zombies
  4 wolf spiders
  A steelbarb worm (Spider:2)
  A moth of wrath (Spider:2)
  An ugly thing zombie (D:14)
  5 centaur zombies
  2 black mambas (Lair:2)
  A dire elephant zombie (Lair:5)
  2 torpor snails
  A catoblepas zombie (Lair:4)
  A death yak zombie (Lair:5)
  10 redback zombies
  A komodo dragon (Lair:2)
  A demonic crawler zombie (Spider:2)
  An orb spider zombie (Spider:1)
  2 hydra zombies
  A dream sheep (Lair:2)
  A boulder beetle zombie (Spider:2)
  4 jumping spider zombies
  5 tarantella zombies
  6 culicivora zombies
  2 black mamba zombies
  2 jumping spiders
  3 slime creature zombies
  3 redbacks
  A skyshark zombie (Lair:5)
  2 cane toad zombies (Lair:5)
  An entropy weaver zombie (Spider:2)
  A water moccasin (Lair:2)
  A lindwurm zombie (Lair:3)
  8 blink frog zombies
  4 dream sheep zombies
  An elf zombie (D:14)
  2 manticore zombies (D:14)
  A torpor snail zombie (Spider:1)
  A rime drake zombie (Lair:5)
  A wyvern zombie (Lair:2)
  A komodo dragon zombie (Lair:2)
  4 water moccasin zombies
  A troll zombie (Orc:1)
  13 yak zombies
  An electric eel (Spider:2)
  A wolf zombie (Lair:1)
  A bullfrog zombie (Lair:2)
  3 human zombies (D:13)
  2 basilisk zombies
  2 orc wizards (Orc:2)
  5 ogre zombies
  3 howler monkey zombies (D:12)
  An iguana zombie (Lair:2)
  An orc (Orc:2)
  A bat zombie (D:14)
  A ball python zombie (D:14)
  A frilled lizard zombie (D:14)
  16 orc zombies
  108 blazeheart cores
  10 snaplasher vines
274 creatures vanquished.

Grand Total: 1080 creatures vanquished

Notes
Turn   | Place    | Note
-------+----------+-------------------------------------------
     0 | D:1      | croobank the Felid Summoner began the quest for the Orb.
     0 | D:1      | Reached XP level 1. HP: 9/9 MP: 4/4
   322 | D:1      | Reached XP level 2. HP: 14/14 MP: 3/6
   351 | D:1      | Learned a level 2 spell: Call Imp
  1241 | D:2      | Reached skill level 1 in Fighting
  1291 | D:2      | Reached XP level 3. HP: 11/18 MP: 2/7
  1339 | D:2      | Learned a level 3 spell: Call Canine Familiar
  1463 | D:2      | Noticed Robin
  1470 | D:2      | Killed Robin
  1751 | D:2      | Reached XP level 4. HP: 22/22 MP: 8/8
  1751 | D:2      | Gained a life (2 lives remaining)
  2809 | D:3      | Found a glowing drain.
  2874 | Sewer    | Entered a sewer
  2944 | Sewer    | Reached XP level 5. HP: 26/26 MP: 3/10
  3196 | Sewer    | Learned a level 3 spell: Summon Ice Beast
  3535 | Sewer    | Reached skill level 1 in Ice Magic
  3535 | Sewer    | Gained mutation: You are covered in thick fur. (AC +2)
                  | [Felid growth]
  3535 | Sewer    | Reached XP level 6. HP: 32/32 MP: 2/11
  4282 | D:3      | Found a basalt altar of Yredelemnul.
  4292 | D:3      | Reached skill level 5 in Stealth
  4299 | D:3      | Reached skill level 5 in Summonings
  4498 | D:3      | Found a runed translucent door.
  4499 | D:3      | Noticed Crazy Yiuf
  4743 | D:3      | Reached XP level 7. HP: 35/35 MP: 12/12
  5355 | D:4      | Found Dewnosat's Book Boutique.
  5453 | D:4      | Noticed Ijyb
  5469 | D:4      | Killed Ijyb
  5470 | D:4      | Reached skill level 5 in Dodging
  5793 | D:4      | Identified a scroll of acquirement
  5793 | D:4      | Acquired the ring "Rurch" {Fly rElec}
  5883 | D:4      | Found a snail-covered altar of Cheibriados.
  5883 | D:4      | Found an ornate altar of the Wu Jian Council.
  6076 | D:5      | Entered Level 5 of the Dungeon
  6414 | D:5      | Acquired a book of the Wilderness
  6975 | D:6      | Learned a level 4 spell: Summon Blazeheart Golem
  7138 | D:6      | Reached XP level 8. HP: 40/40 MP: 10/14
  7331 | D:6      | Found a staircase to the Ecumenical Temple.
  7339 | Temple   | Entered the Ecumenical Temple
  7472 | D:6      | Reached skill level 1 in Fire Magic
  8042 | D:7      | Noticed a two-headed ogre
  8051 | D:7      | Killed a two-headed ogre
  8052 | D:7      | Reached XP level 9. HP: 46/46 MP: 12/16
  8057 | D:7      | Learned a level 4 spell: Summon Lightning Spire
  8083 | D:7      | Noticed Menkaure
  8095 | D:7      | Killed Menkaure
  8263 | D:7      | Found an ancient bone altar of Kikubaaqudgha.
  8325 | D:7      | Became a worshipper of Kikubaaqudgha
  9033 | D:7      | Reached skill level 1 in Air Magic
  9350 | D:7      | Reached * piety under Kikubaaqudgha
  9350 | D:7      | Received a gift from Kikubaaqudgha
  9597 | D:7      | Reached skill level 1 in Necromancy
  9689 | D:8      | Reached skill level 2 in Necromancy
  9745 | D:8      | Reached skill level 3 in Necromancy
  9845 | D:8      | Reached skill level 4 in Necromancy
  9958 | D:8      | Found a staircase to the Lair.
  9959 | D:8      | Noticed a komodo dragon
  9978 | D:8      | Killed a komodo dragon
 10052 | D:8      | Reached skill level 5 in Necromancy
 10052 | D:8      | Reached XP level 10. HP: 51/51 MP: 11/18
 10901 | D:9      | Reached skill level 6 in Necromancy
 11055 | D:9      | Reached ** piety under Kikubaaqudgha
 11056 | D:9      | Reached skill level 7 in Necromancy
 11635 | D:9      | Noticed Prince Ribbit
 11643 | D:9      | Noticed a two-headed ogre
 11652 | D:9      | Killed a two-headed ogre
 11665 | D:9      | Prince Ribbit changed into Prince Ribbit the acid dragon
 11665 | D:9      | Noticed Prince Ribbit
 11679 | D:9      | Found a radiant altar of Vehumet.
 11685 | D:9      | Killed Prince Ribbit the acid dragon
 11686 | D:9      | Reached skill level 5 in Fire Magic
 11828 | D:9      | Found an iron altar of Okawaru.
 12240 | D:10     | Entered Level 10 of the Dungeon
 12275 | D:10     | Reached skill level 8 in Necromancy
 12299 | D:10     | Killed from afar by an acid dragon
 12299 | D:10     | Lost a life (1 life remaining)
 12361 | D:10     | Found Nurioruc's Magic Scroll Shop.
 12364 | D:10     | Bought a scroll of immolation for 56 gold pieces
 12364 | D:10     | Bought 3 scrolls of identify for 84 gold pieces
 12364 | D:10     | Bought a scroll of revelation for 105 gold pieces
 12389 | D:10     | Identified the +3 leather armour of the Furrier {rF+}
 12550 | D:10     | Found a staircase to the Orcish Mines.
 12556 | D:10     | Noticed Nergalle
 12780 | D:10     | Noticed Snorg
 12932 | D:10     | Reached XP level 11. HP: 25/54 MP: 8/19
 12932 | D:10     | Gained a life (2 lives remaining)
 12965 | D:10     | Reached skill level 9 in Necromancy
 13657 | D:10     | Reached *** piety under Kikubaaqudgha
 13657 | D:10     | Received a gift from Kikubaaqudgha
 14726 | D:10     | Killed Nergalle
 15369 | D:10     | Killed Snorg
 15370 | D:10     | Reached skill level 10 in Necromancy
 15852 | D:10     | Noticed a two-headed hydra
 15860 | D:10     | Killed a two-headed hydra
 15966 | D:10     | Reached skill level 10 in Summonings
 16239 | D:11     | Noticed a red ugly thing
 16247 | D:11     | Slain by a red ugly thing
 16247 | D:11     | Lost a life (1 life remaining)
 16557 | D:11     | Reached skill level 11 in Necromancy
 16660 | D:11     | Noticed a white ugly thing
 16683 | D:11     | Killed a white ugly thing
 16955 | D:11     | Gained mutation: Your thick and shaggy fur keeps you warm.
                  | (AC +3, rC+) [Felid growth]
 16955 | D:11     | Reached XP level 12. HP: 59/59 MP: 12/20
 16955 | D:11     | Gained a life (2 lives remaining)
 16962 | D:11     | Reached skill level 5 in Fighting
 16969 | D:11     | Reached skill level 5 in Spellcasting
 17500 | D:11     | Found Emaseyg's Armour Boutique.
 18027 | Lair:1   | Entered Level 1 of the Lair of Beasts
 18688 | Lair:1   | Reached **** piety under Kikubaaqudgha
 19077 | Lair:1   | Learned a level 4 spell: Animate Dead
 19799 | Lair:2   | Noticed Urug
 19836 | Lair:2   | Killed Urug
 19955 | Lair:2   | Noticed Amaemon
 19973 | Lair:2   | Killed Amaemon
 20072 | Lair:2   | Found an ancient bone altar of Kikubaaqudgha.
 20512 | Lair:2   | Found a runed translucent door.
 20512 | Lair:2   | Noticed a four-headed hydra
 20513 | Lair:2   | Noticed Livid's ghost (journeyman TeSh)
 20910 | Lair:2   | Noticed a four-headed hydra
 20919 | Lair:2   | Killed a four-headed hydra
 20981 | Lair:2   | Found a staircase to the Swamp.
 21082 | Lair:2   | Killed a four-headed hydra
 21170 | Lair:2   | Killed Livid's ghost
 21171 | Lair:2   | Reached skill level 12 in Necromancy
 21171 | Lair:2   | Reached XP level 13. HP: 54/66 MP: 11/24
 21433 | Lair:3   | Learned a level 6 spell: Death Channel
 21943 | Lair:3   | Identified the +0 trident of the Desolation of Salt {vamp,
                  | ^Contam rCorr Dex+6 Stlth+}
 22683 | Lair:3   | Found a hole to the Spider Nest.
 22871 | Lair:3   | Reached skill level 10 in Dodging
 23163 | Lair:4   | Found a staircase to the Slime Pits.
 23181 | Lair:4   | Engulfed by a cloud of flame
 23181 | Lair:4   | Lost a life (1 life remaining)
 23182 | Lair:4   | Upgraded the game from 0.31-a0-1591-g515db51633 to
                  | 0.31-a0-1603-gbec6b6ccbf
 24704 | Lair:5   | Entered Level 5 of the Lair of Beasts
 25041 | Lair:5   | Noticed a dire elephant
 25507 | Lair:5   | Learned a level 5 spell: Summon Forest
 25630 | Lair:5   | Killed a dire elephant
 25784 | Lair:5   | Found a burning altar of Makhleb.
 25817 | Lair:5   | Reached XP level 14. HP: 73/73 MP: 18/28
 25817 | Lair:5   | Gained a life (2 lives remaining)
 26527 | Lair:5   | Found a sparkling altar of Nemelex Xobeh.
 26702 | Lair:5   | Slain by a death yak
 26702 | Lair:5   | Lost a life (1 life remaining)
 26744 | Lair:5   | Reached ***** piety under Kikubaaqudgha
 26755 | Lair:5   | Found a gateway to Hell.
 27578 | D:12     | Reached skill level 10 in Spellcasting
 27601 | D:12     | Reached skill level 13 in Necromancy
 27635 | D:12     | Noticed Sonja
 27668 | D:12     | Killed Sonja
 27673 | D:12     | Reached skill level 5 in Air Magic
 28780 | D:13     | Found a gate to the Vaults.
 29236 | Orc:1    | Entered Level 1 of the Orcish Mines
 29618 | Orc:2    | Entered Level 2 of the Orcish Mines
 30377 | Orc:1    | Noticed Maurice
 30839 | Orc:2    | Maurice stole a ring of ice
 30852 | Orc:2    | Killed Maurice
 30977 | Orc:2    | Found an ancient bone altar of Kikubaaqudgha.
 31193 | Orc:2    | Found Dost's Magic Scroll Emporium.
 31200 | Orc:2    | Bought a scroll of amnesia for 56 gold pieces
 31200 | Orc:2    | Bought a scroll of amnesia for 56 gold pieces
 31200 | Orc:2    | Bought a scroll of blinking for 105 gold pieces
 31200 | Orc:2    | Bought a scroll of teleportation for 42 gold pieces
 31200 | Orc:2    | Bought a scroll of revelation for 105 gold pieces
 31239 | Orc:2    | Found a radiant altar of Vehumet.
 31272 | Orc:2    | Paralysed by an orc sorcerer for 5 turns
 31275 | Orc:2    | Killed from afar by an orc sorcerer
 31275 | Orc:2    | Lost a life (0 lives remaining)
 31353 | Orc:2    | Found a staircase to the Elven Halls.
 31762 | Orc:2    | Found Rebish's Jewellery Emporium.
 31768 | Orc:2    | Found Wiunuikk's Jewellery Shoppe.
 32008 | Orc:2    | Found Bahar's Antique Armour Shoppe.
 32026 | Orc:2    | Bought an amulet of magic regeneration for 390 gold pieces
 32091 | Orc:2    | Bought a ring of willpower for 325 gold pieces
 32269 | D:13     | Learned a level 4 spell: Anguish
 32336 | D:13     | Reached XP level 15. HP: 65/80 MP: 30/30
 32510 | D:13     | Noticed Erolcha
 32518 | D:13     | Killed Erolcha
 32575 | D:13     | Your ally Erolcha died
 32938 | D:13     | Reached skill level 10 in Fighting
 33173 | D:13     | Reached ****** piety under Kikubaaqudgha
 33793 | D:14     | Found a sacrificial altar of Ru.
 33871 | D:14     | Reached skill level 14 in Necromancy
 34390 | D:14     | Noticed Roxanne
 35250 | D:14     | Received a gift from Kikubaaqudgha (forbidden knowledge)
 35257 | D:14     | Learned a level 4 spell: Martyr's Knell
 36118 | D:3      | Killed Crazy Yiuf
 36384 | Orc:2    | Bought the ring of Satisfaction {rN+ rCorr Dex+6} for 686
                  | gold pieces
 36656 | Spider:1 | Entered Level 1 of the Spider Nest
 36692 | Lair:3   | Reached skill level 1 in Translocations
 36909 | Spider:1 | Noticed Donald
 36952 | Spider:1 | Reached skill level 5 in Translocations
 36956 | Spider:1 | Killed Donald
 36965 | Spider:1 | Reached skill level 15 in Necromancy
 37327 | Spider:1 | Noticed Rupert
 37343 | Spider:1 | Killed Rupert
 37453 | Spider:1 | Reached skill level 16 in Necromancy
 37666 | Spider:1 | You fall into a shaft and drop 1 floor!
 37674 | Spider:2 | HP: 2/80 [wolf spider (23)]
 37687 | Spider:2 | Reached XP level 16. HP: 33/85 MP: 16/31
 37687 | Spider:2 | Gained a life (1 life remaining)
 37949 | Spider:2 | Reached skill level 17 in Necromancy
 38570 | Spider:2 | Killed from afar by a jorogumo
 38570 | Spider:2 | Lost a life (0 lives remaining)
 38875 | Spider:1 | Reached skill level 18 in Necromancy
 38879 | Spider:1 | Noticed Asterion
 38888 | Spider:1 | Killed Asterion
 38888 | Spider:1 | HP: 3/85 [demonic crawler (12)]
 38889 | Spider:1 | Mangled by a demonic crawler

Illustrated notes

Levels and vault maps discovered:
D:1:      wheals_arrival_linesprint, layout_basic
D:2:      layout_basic, uniq_robin
D:3:      layout_loops_ring, mainiacjoe_overflow_cross_hatched,
          portal_sewer_entry_f, uniq_crazy_yiuf_cottage
D:4:      layout_basic, gammafunk_temple_overflow_pools, serial_shops,
          nicolae_shop_stone, kennysheep_cluttered_room, uniq_ijyb
D:5:      layout_rooms
D:6:      layout_loops_ring, minmay_temple_entry_grid, serial_bayou_ford_a
D:7:      layout_loops_corners, amcnicky_altar_gilded, dk_vineyard_2,
          uniq_menkaure
D:8:      layout_cave_pods, david_lair_shrubbed
D:9:      layout_loops_cross, mainiacjoe_overflow_catch_the_wave,
          uniq_prince_ribbit1
D:10:     layout_basic, erik_orc_4, serial_shops, kennysheep_mini,
          hangedman_ranch, uniq_snorg, uniq_nergalle
D:11:     layout_roguey, serial_shops, nicolae_shop_tiny_statue_garden
D:12:     layout_gridville, minmay_between, uniq_sonja
D:13:     layout_roguey, david_vaults_3, serial_co_window_serial,
          co_window_paths_a, co_window_corner_a, co_window_paths_a,
          co_window_corner_a, co_window_paths_b, co_window_broadway_c,
          co_window_broadway_c, co_window_paths_c, co_window_paths_d,
          co_window_4corner_b, glass_columns_b, uniq_erolcha
D:14:     layout_roguey, nicolae_ru_great_annihilating_truth, uniq_roxanne
Temple:   eino_temple_rhombus
Lair:1:   layout_chaotic_city, chequers_serial_rivers_micro_d,
          nicolae_quartered_pool_super
Lair:2:   layout_long_grid, palyth_hydra_swamp_entry, ebering_ghost_inner_flame,
          basic_altar, uniq_urug, uniq_amaemon
Lair:3:   dreamdust_isle_of_ice, layout_regular_city, spider_nest_entry_a,
          kennysheep_catoblepas_arena
Lair:4:   layout_roguey, nicolae_slime_entry_field_trip, lemuel_fruit_tree
Lair:5:   evil_forest, layout_regular_city, lemuel_oklob_altar,
          infiniplex_staircase_pool
Spider:1: layout_spider_delve, uniq_asterion, uniq_donald, uniq_rupert
Spider:2: nicolae_spider_obnoxious_hallway
Orc:1:    layout_diamond_mine, uniq_maurice
Orc:2:    kennysheep_orc_mage_school, layout_diamond_mine

Skill      XL: |  1  2  3  4  5  6  7  8  9 10 11 12 13 14 15 16 |
---------------+-------------------------------------------------+-----
Stealth        | 3 4 5 7 8 |  8.0
Dodging        | 3 4 5 6 7 9 10 | 10.0
Fighting       | 1 2 3 4 6 8 9 10 | 10.0
Spellcasting   | 3 4 7 9 10 | 10.0
Ice Magic      | 1 2 3 4 |  4.5
Summonings     | 5 6 8 10 11 12 13 14 | 14.1
Fire Magic     | 3 4 5 |  5.0
Air Magic      | 1 4 6 7 |  7.0
Necromancy     | 5 8 11 12 13 16 18 | 18.1
Translocations | 5 |  5.0

Action                     |  1- 3 |  4- 6 |  7- 9 | 10-12 | 13-15 | 16-18 || total
---------------------------+-------+-------+-------+-------+-------+-------++-------
  Melee: Unarmed           |    16 |    27 |    52 |    55 |   189 |     9 ||   348
         Bite              |     2 |     1 |     9 |    13 |    31 |     3 ||    59
         Punch             |     1 |     1 |     2 |       |     6 |       ||    10
   Cast: Summon Small Mamm |    27 |    32 |    15 |    10 |       |       ||    84
         Call Imp          |     8 |    21 |    17 |     4 |       |       ||    50
         Call Canine Famil |     3 |    18 |    17 |    15 |    23 |     2 ||    78
         Summon Ice Beast  |       |     9 |    12 |     6 |     3 |       ||    30
         Summon Blazeheart |       |       |    23 |   105 |    76 |     4 ||   208
         Summon Lightning  |       |       |     5 |    51 |    96 |     4 ||   156
         Animate Dead      |       |       |       |     8 |    39 |     4 ||    51
         Death Channel     |       |       |       |       |    77 |     6 ||    83
         Summon Forest     |       |       |       |       |    59 |     7 ||    66
         Anguish           |       |       |       |       |    19 |    20 ||    39
         Martyr's Knell    |       |       |       |       |    11 |    18 ||    29
 Invoke: Unearth Wretches  |       |       |       |     5 |     2 |       ||     7
         Receive Forbidden |       |       |       |       |     1 |       ||     1
  Evoke: Wand              |       |       |     6 |    13 |    12 |     4 ||    35
    Use: Scroll            |       |     7 |    12 |    14 |     8 |     1 ||    42
         Potion            |       |       |       |    10 |    13 |     1 ||    24
   Stab: Sleeping          |     1 |     6 |     5 |     1 |     3 |       ||    16
         Invisible         |       |       |       |     1 |       |       ||     1
         Betrayed ally     |       |       |       |     1 |       |       ||     1
         Distracted        |       |       |       |     3 |     8 |       ||    11
         Paralysed         |       |       |       |     5 |     2 |       ||     7
 Armour: Skin              |     3 |    18 |    26 |   117 |   136 |    27 ||   327
  Dodge: Dodged            |    20 |    58 |    82 |   327 |   472 |    54 ||  1013

Table legend: (Time is in decaauts)
 A = Elapsed time spent in this place.
 B = Non-inter-level travel time spent in this place.
 C = Inter-level travel time spent in this place.
 D = Time resting spent in this place.
 E = Time spent auto-exploring this place.
 F = Levels seen in this place.
 G = Mean time per level.
                   A        B        C        D        E       F      G
               +--------+--------+--------+--------+--------+-----+--------+
         Total |  39086 |  36074 |   3012 |  10336 |  16969 |  25 | 1563.4 |
       Dungeon |  22339 |  20375 |   1964 |   5972 |   9869 |  14 | 1595.6 |
        Temple |      1 |      0 |      1 |      0 |      0 |   1 |    1.0 |
          Lair |  10201 |   9541 |    660 |   2411 |   4795 |   5 | 2040.2 |
   Spider Nest |   2049 |   2040 |      9 |    272 |   1091 |   2 | 1024.5 |
  Orcish Mines |   3158 |   2781 |    377 |    912 |   1078 |   2 | 1579.0 |
         Sewer |   1336 |   1336 |      0 |    769 |    135 |   1 | 1336.0 |
               +--------+--------+--------+--------+--------+-----+--------+

Top non-repeatable levels by time:
    D:11: 2669 daAuts
    D:10: 2643 daAuts
  Lair:3: 2564 daAuts
  Lair:5: 2392 daAuts
   Orc:2: 2243 daAuts
     D:9: 2128 daAuts
  Lair:2: 1911 daAuts
    D:12: 1736 daAuts
  Lair:1: 1686 daAuts
  Lair:4: 1647 daAuts
     D:7: 1637 daAuts
    D:13: 1543 daAuts
     D:8: 1498 daAuts
    D:14: 1496 daAuts
   Sewer: 1336 daAuts
